 Dungeon Crawl Stone Soup version 0.28.0-1-gb440e238dd (webtiles) character file.

Game seed: 330988263895664300

2247 Akaron the Chiller (level 9, 0/54 HPs)
             Began as an Octopode Ice Elementalist on Feb 19, 2022.
             Was a Believer of Elyvilon.
             Slain by a bullfrog zombie (2 damage)
             ... on level 7 of the Dungeon.
             The game lasted 00:17:21 (8636 turns).

Akaron the Chiller (Octopode Ice Elementalist)      Turns: 8636, Time: 00:17:22

Health: 0/54       AC:  9    Str:  7    XL:     9   Next: 37%
Magic:  16/18      EV: 14    Int: 24    God:    Elyvilon [**....]
Gold:   383        SH:  0    Dex: 16    Spells: 10/21 levels left

rFire   . . .      SeeInvis .   c - +0 dagger
rCold   . . .      Faith    .   (no shield)
rNeg    . . .      Spirit   .   (helmet restricted)
rPois   .          Reflect  .   (no amulet)
rElec   .          Harm     .   b - +6 ring of intelligence
rCorr   .          Rampage  .   f - ring of flight
Will    .....                   (no ring)
Stlth   +++++.....              (no ring)
HPRegen 0.18/turn               (no ring)
MPRegen 0.16/turn               (no ring)
                                (no ring)
                                (no ring)

@: ice-armoured, flying
A: almost no armour, amphibious, 8 rings, camouflage 1, gelatinous body 1,
(nimble swimmer 1), tentacles
a: Renounce Religion, Purification, Heal Other


You were on level 7 of the Dungeon.
You worshipped Elyvilon.
Elyvilon was pleased with you.
You visited 2 branches of the dungeon, and saw 8 of its levels.
You also visited: Sewer.

You collected 383 gold pieces.

Inventory:

Hand Weapons
 c - a +0 dagger (weapon)
 w - a +0 falchion
Missiles
 d - 5 atropa-tipped darts
 h - 8 boomerangs
 v - 5 poisoned darts
Magical Staves
 A - a staff of conjuration
Jewellery
 b - a +6 ring of intelligence (left tentacle)
 f - a ring of flight (right tentacle)
Wands
 l - a wand of polymorph (7)
 z - a wand of acid (7)
Scrolls
 a - 6 scrolls of identify {unknown}
 e - 2 scrolls of enchant armour {unknown}
 i - a scroll of acquirement {unknown}
 j - 2 scrolls of immolation {unknown}
 k - 3 scrolls of teleportation {unknown}
 p - 4 scrolls of amnesia {unknown}
 q - 3 scrolls of blinking {unknown}
 s - a scroll of fog {unknown}
 y - a scroll of vulnerability {unknown}
Potions
 g - 5 potions of flight
 m - a potion of invisibility
 n - 3 potions of degeneration {unknown}
 o - 4 potions of curing
 r - a potion of lignification {unknown}
 t - a potion of mutation {unknown}
 u - a potion of heal wounds {unknown}
 x - a potion of brilliance {unknown}


   Skills:
 + Level 2.0 Fighting
 + Level 2.3 Short Blades
 + Level 3.0 Dodging
 + Level 7.1 Stealth
 + Level 6.5 Spellcasting
 * Level 3.9 Conjurations
 + Level 7.7 Ice Magic


You had 10 spell levels left.
You knew the following spells:

 Your Spells              Type           Power      Damage    Failure   Level
a - Freeze                Ice            100%       1d11      1%          1
b - Frozen Ramparts       Ice            90%        1d11      1%          3
c - Ozocubu's Armour      Ice            45%        N/A       1%          3
d - Passwall              Tmut/Erth      5%         N/A       12%         2
e - Ensorcelled Hibernat  Hex/Ice        52%        N/A       2%          2

Your spell library contained the following spells:

 Spells                   Type           Power      Damage    Failure   Level
 Hailstorm                Conj/Ice       35%        3d9       7%          4
 Summon Small Mammal      Summ           28%        N/A       8%          1
 Call Canine Familiar     Summ           7%         N/A       22%         3
 Summon Guardian Golem    Hex/Summ       7%         N/A       22%         3
 Swiftness                Air            7%         N/A       22%         3


Dungeon Overview and Level Annotations

Branches:
Dungeon (7/15)             Temple (1/1) D:5           Sewer (visited)

Altars:
Ashenzari
Cheibriados
Dithmenos
Elyvilon
Gozag
Hepliaklqana
Makhleb
Nemelex Xobeh
Qazlal
Ru
Sif Muna
Trog
Uskayaw
Vehumet
Wu Jian
Xom
Yredelemnul
Zin
The Shining One


Innate Abilities, Weirdness & Mutations

You cannot wear most types of armour.
You are amphibious.
You can wear up to eight rings at the same time.
Your skin changes colour to match your surroundings (Stealth+).
Your rubbery body absorbs attacks. (AC +1, EV +1)
((You are camouflaged when in or above water. (Stealth+)))
You have tentacles for arms and can constrict up to eight enemies at once.


Message History

The wyvern skeleton misses you. The bullfrog zombie hits you.
* * * LOW HITPOINT WARNING * * *
The wyvern skeleton bites you but does no damage.
You barely miss the wyvern skeleton. You squeeze the wyvern skeleton.
The wyvern skeleton is heavily damaged.
The wyvern skeleton barely misses you. The bullfrog zombie misses you.
You hit the wyvern skeleton. You squeeze the wyvern skeleton!
The wyvern skeleton is almost destroyed.
The bullfrog zombie hits you but does no damage.
The wyvern skeleton misses you.
You hit the wyvern skeleton.
The wyvern skeleton is almost destroyed.
The bullfrog zombie closely misses you. The wyvern skeleton bites you.
* * * LOW HITPOINT WARNING * * *
Okay, then.
You hit the wyvern skeleton.
The wyvern skeleton is almost destroyed.
The bullfrog zombie barely misses you. The wyvern skeleton bites you.
* * * LOW HITPOINT WARNING * * *
You hit the wyvern skeleton.
Your squeeze misses the wyvern skeleton.
The wyvern skeleton is almost destroyed.
The bullfrog zombie hits you.
* * * LOW HITPOINT WARNING * * *
The wyvern skeleton barely misses you.
You hit the wyvern skeleton.
The wyvern skeleton is almost destroyed.
The bullfrog zombie hits you but does no damage.
The wyvern skeleton barely misses you.
You hit the wyvern skeleton but do no damage.
The wyvern skeleton is almost destroyed.
The wyvern skeleton closely misses you.
The bullfrog zombie hits you but does no damage.
The wyvern skeleton barely misses you.
You hit the wyvern skeleton.
You destroy the wyvern skeleton!
The bullfrog zombie hits you.
* * * LOW HITPOINT WARNING * * *
The bullfrog zombie hits you.
You die...

##.# ##...
###.... ......
#.... #...##
#..Z# #@# #.#
#(# #.# #.#
##.##
#########...####
........#
...............+
......(+
########....####
.......


You could see a bullfrog zombie.

Vanquished Creatures
  2 steam dragons
  Menkaure (D:6)
  A water moccasin (D:7)
  An ice beast (D:5)
  3 sky beasts
  An ogre (D:6)
  2 black bears
  2 necrophages
  A centaur (D:5)
  A kobold brigand (Sewer)
  A bullfrog (D:6)
  2 scorpions
  A wyvern skeleton (D:7)
  A howler monkey (D:6)
  A bullfrog zombie (D:7)
  A centaur zombie (D:6)
  An orc priest (D:3)
  A centaur skeleton (D:6)
  A gnoll shaman (D:4)
  2 hounds (D:5)
  2 iguanas
  Natasha (thrice) (D:3)
  A hound skeleton (D:5)
  4 gnolls (D:4)
  9 adders
  2 river rats (Sewer)
  A shadow imp (D:7)
  2 ufetubi
  2 worms
  A dart slug (D:1)
  11 orcs
  3 endoplasms
  3 giant cockroaches
  4 goblins
  7 hobgoblins
  10 jackals
  A quokka (D:1)
  6 ball pythons
  2 bats
  4 frilled lizards
  8 kobolds
  15 rats
128 creatures vanquished.

Notes
Turn   | Place    | Note
-------+----------+-------------------------------------------
     0 | D:1      | Akaron the Octopode Ice Elementalist began the quest for
                  | the Orb.
     0 | D:1      | Reached XP level 1. HP: 11/11 MP: 3/3
   181 | D:1      | Reached XP level 2. HP: 17/17 MP: 3/5
   745 | D:1      | Reached XP level 3. HP: 20/21 MP: 4/6
  1138 | D:1      | Learned a level 3 spell: Frozen Ramparts
  1603 | D:2      | Found a burning altar of Makhleb.
  1937 | D:3      | Found a bloodstained altar of Trog.
  1957 | D:3      | Noticed Natasha
  1962 | D:3      | Killed Natasha
  1963 | D:3      | Reached skill level 5 in Ice Magic
  1963 | D:3      | Reached XP level 4. HP: 27/27 MP: 4/8
  1980 | D:2      | Learned a level 3 spell: Ozocubu's Armour
  2307 | D:3      | Reached XP level 5. HP: 26/31 MP: 9/9
  2390 | D:3      | Noticed Natasha
  2399 | D:3      | Killed Natasha
  2453 | D:3      | Noticed Natasha
  2465 | D:3      | Killed Natasha
  2742 | D:3      | Found a broken altar of Ashenzari.
  3110 | D:4      | Reached XP level 6. HP: 31/36 MP: 8/11
  3195 | D:4      | Found a glowing drain.
  3208 | Sewer    | Entered a sewer
  3358 | Sewer    | Reached skill level 1 in Short Blades
  3421 | Sewer    | Found a white marble altar of Elyvilon.
  3464 | D:4      | Learned a level 2 spell: Passwall
  3467 | D:4      | Learned a level 2 spell: Ensorcelled Hibernation
  3586 | D:4      | Noticed a necrophage
  3624 | D:4      | Killed a necrophage
  3937 | D:4      | Reached XP level 7. HP: 42/42 MP: 13/13
  4287 | D:5      | Entered Level 5 of the Dungeon
  4333 | D:5      | Reached skill level 1 in Fighting
  4360 | D:5      | Reached skill level 5 in Stealth
  4362 | D:5      | HP: 2/43 [iguana (8)]
  4366 | D:5      | Reached skill level 1 in Conjurations
  4895 | D:5      | Reached skill level 5 in Spellcasting
  4895 | D:5      | Reached XP level 8. HP: 48/48 MP: 15/15
  5008 | D:5      | Found a staircase to the Ecumenical Temple.
  5205 | D:5      | HP: 2/48 [hound skeleton (3)]
  5685 | D:5      | Found a faded altar of an unknown god.
  5685 | D:5      | Found a faded altar of an unknown god.
  5686 | D:5      | Found a faded altar of an unknown god.
  5688 | D:5      | Found a hazy altar of Hepliaklqana.
  5879 | Temple   | Entered the Ecumenical Temple
  6016 | Temple   | Became a worshipper of Elyvilon the Healer
  6670 | D:6      | Reached * piety under Elyvilon
  6965 | D:6      | Reached XP level 9. HP: 24/54 MP: 2/18
  7383 | D:6      | Noticed Menkaure
  7394 | D:6      | Killed Menkaure
  7622 | D:6      | You are sucked into a shaft and drop 1 floor!
  7659 | D:7      | Noticed a hornet
  8322 | D:7      | Reached ** piety under Elyvilon
  8636 | D:7      | HP: 2/54 [bullfrog zombie (1)]
  8636 | D:7      | Slain by a bullfrog zombie

Illustrated notes

Levels and vault maps discovered:
D:1:      dpeg_arrival_concentric_ovals, layout_loops_ring, serial_rivers,
          chequers_serial_rivers_marsh, chequers_serial_rivers_small_a,
          chequers_serial_rivers_room_b, chequers_serial_rivers_micro_a,
          chequers_serial_rivers_micro_e
D:2:      layout_basic, basic_altar, minmay_tall_x
D:3:      layout_basic, nicolae_overflow_hidden_temple, lemuel_crystal_altar,
          uniq_natasha
D:4:      layout_loops_cross, portal_sewer_entry_d
D:5:      layout_loops_ring, nicolae_hepliaklqana_ecumenical_no_more,
          minmay_temple_entry_tees
D:6:      layout_basic, uniq_menkaure
D:7:      layout_loops_corners, kennysheep_mini, serial_shops,
          kennysheep_little_box, minivault_22
Temple:   regret_index_temple_waves

Skill      XL: |  1  2  3  4  5  6  7  8  9 |
---------------+----------------------------+-----
Stealth        | 3 4 5 6 7 |  7.1
Ice Magic      | 5 6 7 |  7.7
Spellcasting   | 3 4 5 6 |  6.5
Short Blades   | 1 2 |  2.3
Fighting       | 1 2 |  2.0
Conjurations   | 1 3 |  3.9
Dodging        | 3 |  3.0

Action                   |  1- 3 |  4- 6 |  7- 9 || total
-------------------------+-------+-------+-------++-------
Melee: Constrict         |     6 |    10 |    11 ||    27
       Tentacles         |     3 |    16 |    24 ||    43
       Unarmed           |     1 |       |       ||     1
       Dagger            |    15 |    51 |   105 ||   171
       Punch             |       |       |     1 ||     1
 Cast: Freeze            |    36 |    29 |    35 ||   100
       Frozen Ramparts   |     1 |     2 |     8 ||    11
       Ozocubu's Armour  |       |     3 |    11 ||    14
 Stab: Sleeping          |     5 |     9 |    17 ||    31
Armor: Skin              |     3 |     4 |    35 ||    42
Dodge: Dodged            |    30 |    36 |    84 ||   150
